 Dungeon Crawl Stone Soup version 0.28-a0-991-g956f0ee3d5 (webtiles) character file.

Game seed: 4403157080724782108

60 blank1 the Skirmisher (level 3, -4/29 HPs)
             Began as a Demonspawn Fighter on Dec 4, 2021.
             Slain by Terence (8 damage)
             ... on level 2 of the Dungeon.
             The game lasted 00:03:04 (1331 turns).

blank1 the Skirmisher (Demonspawn Fighter)          Turns: 1331, Time: 00:03:05

Health: -4/29      AC: 10    Str: 18    XL:     3   Next: 82%
Magic:  3/3        EV:  7    Int:  9    God:
Gold:   57         SH:  4    Dex: 12    Spells: 2/2 levels left

rFire   . . .      SeeInvis .   a - +0 flail
rCold   . . .      Faith    .   c - +0 buckler
rNeg    . . .      Spirit   .   k - +0 chain mail
rPois   .          Reflect  .   (no helmet)
rElec   .          Harm     .   (no cloak)
rCorr   .          Rampage  .   (no gloves)
Will    .....                   i - +0 pair of boots
Stlth   ..........              (no amulet)
HPRegen 0.09/turn               (no ring)
MPRegen 0.08/turn               (no ring)

@: no status effects
A: claws 1, powered by pain 1
a: no special abilities


You were on level 2 of the Dungeon.
You visited 1 branch of the dungeon, and saw 2 of its levels.

You collected 57 gold pieces.

Inventory:

Hand Weapons
 a - a +0 flail (weapon)
Armour
 c - a +0 buckler (worn)
 i - a +0 pair of boots (worn)
 k - a +0 chain mail (worn)
Scrolls
 f - a scroll of holy word {unknown}
 h - 2 scrolls of identify {unknown}
 j - a scroll of silence {unknown}
Potions
 d - a potion of might
 e - a potion of magic {unknown}
 g - a potion of attraction {unknown}


   Skills:
 + Level 3.4 Fighting
 + Level 2.3 Maces & Flails
 - Level 3.0 Armour
 + Level 1.2 Dodging
 + Level 3.1 Shields


You had 2 spell levels left.
You didn't know any spells.
Your spell library contained the following spells:

 Spells                   Type           Power      Damage    Failure   Level
 Foxfire                  Conj/Fire      0%         2x1d4     99%         1
 Conjure Flame            Conj/Fire      0%         6-21      100%        3
 Inner Flame              Hex/Fire       0%         N/A       100%        3
 Flame Wave               Conj/Fire      0%         2d4       100%        4


Dungeon Overview and Level Annotations

Branches:
Dungeon (2/15)

Altars:

Shops:
D:2 (

Annotations:
D:2 Terence


Innate Abilities, Weirdness & Mutations

You have sharp fingernails.
You sometimes gain a little power by taking damage.


Message History

The magic dart hits you.
You sock Natasha!
You kill Natasha!
Natasha growls in agony!
The crimson imp disappears in a puff of smoke!
Your Dodging skill increases to level 1!
Terence the Incautious comes into view.
He is wielding a +1 trident of holy wrath.
Found an escape hatch in the ceiling.
There is a stone staircase leading up here.
You climb upwards.
There is a stone staircase leading down here.
You start resting.
HP restored.
You climb downwards.
Level annotation: Terence Terence hits you from afar with a +1 trident of holy wrath.
You convulse.
There is a stone staircase leading up here.
You block Terence's attack.
You hit Terence.
Terence is lightly wounded.
Terence barely misses you.
Your chain mail prevents you from hitting Terence.
Terence is lightly wounded.
Terence hits you with a +1 trident of holy wrath.
You convulse.
Terence hits you but does no damage.
You hit Terence.
Terence is moderately wounded.
Terence hits you with a +1 trident of holy wrath.
You convulse.
You thump Terence!
Terence is severely wounded.
Terence hits you with a +1 trident of holy wrath.
You convulse.
You hit Terence.
Terence is almost dead.
Terence hits you with a +1 trident of holy wrath!
* * * LOW HITPOINT WARNING * * *
You convulse!
You die...

..# #.# #.......>
..###.### #.##....#
........# ##.##..###
........# #......#
........# ####..##.####
........####............
........##...#..........
........##.###..@.......
)#..............@.......
...........###..<.......
...........###..........
........................
#.....[....###..........
#..........# ###########
#.....†....#
#..........#
#..........#


You could see Terence.

Vanquished Creatures
  Natasha (D:2)
  A worm (D:2)
  A dart slug (D:1)
  2 endoplasms (D:1)
  3 goblins (D:1)
  3 hobgoblins
  3 jackals (D:2)
  4 ball pythons
  3 bats (D:1)
  A frilled lizard (D:2)
  6 kobolds
  2 rats
30 creatures vanquished.

Notes
Turn   | Place    | Note
-------+----------+-------------------------------------------
     0 | D:1      | blank1 the Demonspawn Fighter began the quest for the Orb.
     0 | D:1      | Reached XP level 1. HP: 18/18 MP: 1/1
   166 | D:1      | Gained mutation: You have sharp fingernails. [demonic
                  | ancestry]
   166 | D:1      | Reached XP level 2. HP: 24/24 MP: 2/2
   722 | D:2      | Found Opnocuul's Antique Weapon Boutique.
   886 | D:2      | Found a faded altar of an unknown god.
   933 | D:2      | Gained mutation: You sometimes gain a little power by
                  | taking damage. [demonic ancestry]
   933 | D:2      | Reached XP level 3. HP: 17/29 MP: 3/3
  1167 | D:2      | Noticed Natasha
  1180 | D:2      | Killed Natasha
  1181 | D:2      | Reached skill level 1 in Dodging
  1181 | D:2      | Noticed Terence
  1331 | D:2      | Slain by Terence

Illustrated notes

Levels and vault maps discovered:
D:1:      kennysheep_arrival_forest, layout_rooms
D:2:      layout_rooms, basic_altar, ebering_ecumenical_altar_sacrificial,
          serial_shops, nicolae_shop_stone, uniq_natasha, uniq_terence

Skill      XL: |  1  2  3 |
---------------+----------+-----
Maces & Flails | 2 |  2.3
Shields        | 3 |  3.1
Armour         | 3 |  3.0
Dodging        | 1 |  1.2
Fighting       | |  3.4

Action                   || total
-------------------------++-------
Melee: Flail             ||   102
Armor: Scale mail        ||    21
       Chain mail        ||    43
Dodge: Dodged            ||    37
Block: Buckler           ||    28

Table legend: (Time is in decaauts)
 A = Elapsed time spent in this place.
 B = Non-inter-level travel time spent in this place.
 C = Inter-level travel time spent in this place.
 D = Time resting spent in this place.
 E = Time spent auto-exploring this place.
 F = Levels seen in this place.
 G = Mean time per level.
                   A        B        C        D        E       F      G
               +--------+--------+--------+--------+--------+-----+--------+
         Total |   1364 |   1221 |    143 |    391 |    541 |   2 |  682.0 |
       Dungeon |   1364 |   1221 |    143 |    391 |    541 |   2 |  682.0 |
               +--------+--------+--------+--------+--------+-----+--------+

Top non-repeatable levels by time:
     D:1: 927 daAuts
     D:2: 436 daAuts
